 Dungeon Crawl Stone Soup version 0.28.0-53-g5a82cb258f (webtiles) character file.

Game seed: 1739994877886230285

100 SanguineChosen the Covered (level 4, 0/29 HPs)
             Began as a Gargoyle Fighter on July 18, 2022.
             Slain by a gnoll
             ... wielding a +0 spear
              (1 damage)
             ... on level 2 of the Dungeon.
             The game lasted 00:02:24 (1117 turns).

SanguineChosen the Covered (Gargoyle Fighter)       Turns: 1117, Time: 00:02:26

Health: 0/29       AC: 10    Str: 22    XL:     4   Next: 73%
Magic:  4/4        EV:  9    Int:  8    God:
Gold:   74         SH:  4    Dex:  9    Spells: 3/3 levels left

rFire   . . .      SeeInvis .   a - +0 flail
rCold   . . .      Faith    .   c - +0 buckler
rNeg    + . .      Spirit   .   b - +0 scale mail
rPois   ∞          Reflect  .   (no helmet)
rElec   +          Harm     .   (no cloak)
rCorr   +          Rampage  .   (no gloves)
Will    .....                   (no boots)
Stlth   ..........              (no amulet)
HPRegen 0.09/turn               e - ring of resist corrosion
MPRegen 0.09/turn               (no ring)

@: no status effects
A: sickness immunity, AC +3, negative energy resistance 1, electricity
resistance, torment resistance 1, petrification resistance
a: no special abilities


You were on level 2 of the Dungeon.
You visited 1 branch of the dungeon, and saw 2 of its levels.

You collected 74 gold pieces.

Inventory:

Hand Weapons
 a - a +0 flail (weapon)
Armour
 b - a +0 scale mail (worn)
 c - a +0 buckler (worn)
Jewellery
 e - a ring of resist corrosion (left hand)
Scrolls
 f - 3 scrolls of enchant weapon {unknown}
 i - a scroll of blinking {unknown}
Potions
 d - a potion of might
 g - 3 potions of curing {unknown}
 h - a potion of heal wounds {unknown}


   Skills:
 + Level 3.9 Fighting
 + Level 3.1 Maces & Flails
 + Level 4.1 Armour
 + Level 0.6 Dodging
 + Level 3.6 Shields


You had 3 spell levels left.
You didn't know any spells.
Your spell library was empty.

Dungeon Overview and Level Annotations

Branches:
Dungeon (2/15)

Altars:
Zin


Innate Abilities, Weirdness & Mutations

You are immune to sickness and miasma.
Your stone body is resilient. (AC +3)
You are immune to poison.
You resist negative energy. (rN+)
You are resistant to electric shocks. (rElec)
You are resistant to unholy torment.
You are immune to petrification.


Message History

The gnoll shouts!
The gnoll throws a stone.
The stone hits you.
The gnoll throws a stone.
The stone hits you but does no damage.
A gnoll comes into view. It is wielding a +0 flail.
The gnoll shouts!
A gnoll comes into view. It is wielding a +0 spear.
The gnoll shouts!
The gnoll throws a stone.
The stone barely misses you.
The gnoll throws a stone.
You block the stone.
A gnoll comes into view. It is wielding a +0 spear.
The gnoll shouts!
The gnoll hits you with a +0 flail!
You sock the gnoll!
The gnoll is severely wounded.
The gnoll hits you but does no damage. The gnoll misses you.
You block the gnoll's attack.
You hit the gnoll.
You kill the gnoll!
The gnoll hits you from afar with a +0 spear.
The gnoll throws a stone.
The stone hits you but does no damage.
Your Maces & Flails skill increases to level 3!
The gnoll hits you with a +0 spear.
The gnoll hits you from afar with a +0 spear.
You hit the gnoll.
The gnoll is moderately wounded.
The gnoll hits you with a +0 spear.
* * * LOW HITPOINT WARNING * * *
You block the gnoll's attack.
You thump the gnoll!
You kill the gnoll!
The gnoll throws a stone.
The stone closely misses you. The gnoll closely misses you.
The gnoll hits you but does no damage.
You see here a +0 spear.
You hit the gnoll.
The gnoll is moderately wounded.
The gnoll hits you with a +0 spear.
* * * LOW HITPOINT WARNING * * *
The gnoll closely misses you. The gnoll barely misses you.
The gnoll hits you from afar with a +0 spear.
You die...

.# ########.#...........#
.###........#.....⌠.....#
............#..<.....<..#
.#.........##.....⌠.....#
.#.........##...........#
...........###..⌠...⌠..#
##.........####.......##.#
#.........##.####.......#
#.........##...@gg.....##
#.........########.....#
#..........# ###......
##..........# .##...
............### # ..
###............ ......
##.....##..# ....#
###...##..# #.....# ##
###.#...# #....###...


You could see 2 gnolls.

Vanquished Creatures
  Terence (D:2)
  An adder (D:2)
  2 gnolls (D:2)
  A dart slug (D:2)
  7 endoplasms
  A giant cockroach (D:2)
  4 goblins
  2 hobgoblins
  3 jackals (D:1)
  5 quokkas
  A ball python (D:1)
  3 bats
  6 frilled lizards
  3 kobolds
  4 rats
44 creatures vanquished.

Notes
Turn   | Place    | Note
-------+----------+-------------------------------------------
     0 | D:1      | SanguineChosen the Gargoyle Fighter began the quest for the
                  | Orb.
     0 | D:1      | Reached XP level 1. HP: 14/14 MP: 1/1
   100 | D:1      | Reached XP level 2. HP: 16/19 MP: 2/2
   183 | D:1      | Found a faded altar of an unknown god.
   383 | D:1      | Reached XP level 3. HP: 24/24 MP: 3/3
   666 | D:2      | Found a glowing silver altar of Zin.
   820 | D:2      | Noticed Terence
   828 | D:2      | Killed Terence
   829 | D:2      | Reached XP level 4. HP: 18/29 MP: 4/4
  1025 | D:2      | Reached skill level 4 in Armour
  1117 | D:2      | HP: 1/29 [gnoll/+0 spear (5)]
  1117 | D:2      | Slain by a gnoll

Illustrated notes

Levels and vault maps discovered:
D:1:      minmay_arrival_up_and_down, layout_basic,
          chequers_ecumenical_altar_grove, minmay_tetromino_i4
D:2:      layout_rooms, basic_altar, grunt_ministairs_10, uniq_terence,
          uniq_crazy_yiuf_cottage

Skill      XL: |  1  2  3  4 |
---------------+-------------+-----
Armour         | 4 |  4.1
Maces & Flails | 3 |  3.1
Fighting       | |  3.9
Dodging        | |  0.6
Shields        | |  3.6

Action                   |  1- 3 |  4- 6 || total
-------------------------+-------+-------++-------
Melee: Flail             |   100 |    26 ||   126
Armor: Scale mail        |    51 |    23 ||    74
Dodge: Dodged            |    46 |    23 ||    69
Block: Buckler           |    19 |    11 ||    30
